 Dungeon Crawl Stone Soup version 0.28-b1-25-g9875b3fc8c (webtiles) character file.

Game seed: 15453456774641629547

61 croobank the Firebug (level 3, 0/26 HPs)
             Began as a Draconian Fire Elementalist on Feb 2, 2022.
             Slain by a gnoll (3 damage)
             ... on level 3 of the Dungeon.
             The game lasted 00:05:05 (2169 turns).

croobank the Firebug (Draconian Fire Elementalist)  Turns: 2169, Time: 00:05:05

Health: 0/26       AC:  5    Str: 10    XL:     3   Next: 83%
Magic:  7/7        EV:  9    Int: 17    God:
Gold:   50         SH:  0    Dex: 17    Spells: 4/7 levels left

rFire   . . .      SeeInvis .   b - +0 whip (freeze)
rCold   . . .      Faith    .   (no shield)
rNeg    . . .      Spirit   .   (armour unavailable)
rPois   .          Reflect  .   (helmet restricted)
rElec   .          Harm     .   (no cloak)
rCorr   .          Rampage  .   (no gloves)
Will    .....                   (no boots)
Stlth   ++........              (no amulet)
HPRegen 0.08/turn               f - +6 ring of dexterity
MPRegen 0.10/turn               (no ring)

@: constricted
A: AC +5, unfitting armour, cold-blooded
a: no special abilities


You were on level 3 of the Dungeon.
You visited 1 branch of the dungeon, and saw 3 of its levels.

You collected 50 gold pieces.

Inventory:

Hand Weapons
 b - a +0 whip of freezing (weapon)
 h - a +0 hunting sling of freezing
Missiles
 a - 3 throwing nets
 c - 50 arrows
 g - 17 stones
Jewellery
 f - a +6 ring of dexterity (left hand)
Scrolls
 e - a scroll of vulnerability {unknown}
Potions
 d - 2 potions of curing {unknown}


   Skills:
 + Level 0.2 Fighting
 + Level 0.3 Maces & Flails
 + Level 1.9 Dodging
 + Level 1.8 Stealth
 + Level 2.7 Spellcasting
 + Level 1.3 Conjurations
 + Level 3.9 Fire Magic


You had 4 spell levels left.
You knew the following spells:

 Your Spells              Type           Power      Damage    Failure   Level
a - Foxfire               Conj/Fire      44%        2x1d6     6%          1
b - Scorch                Fire           30%        2d6       5%          2

Your spell library contained the following spells:

 Spells                   Type           Power      Damage    Failure   Level
 Conjure Flame            Conj/Fire      11%        6-21      19%         3
 Inner Flame              Hex/Fire       9%         N/A       24%         3
 Flame Wave               Conj/Fire      11%        2d5       52%         4


Dungeon Overview and Level Annotations

Branches:
Dungeon (3/15)

Altars:

Annotations:
D:3 Grinder


Innate Abilities, Weirdness & Mutations

Your plain brown scales are hard. (AC +5)
You cannot fit into any form of body armour.
You are cold-blooded and may be slowed by cold attacks.


Message History

The ball python is severely wounded.
The foxfire hits the ball python.
You kill the ball python!
You see here a ball python corpse.
A ball python comes into view.
The ball python moves out of view.
Casting: Foxfire (safe; 6% risk of failure)
Confirm with . or Enter, or press ? or * to list all spells.
You conjure some foxfire!
The ball python hisses angrily.
The foxfire hits the ball python.
You kill the ball python!
Your foxfire dissipates!
Found a stone staircase leading down.
There is a stone staircase leading down here.
You climb downwards.
Level annotation: Grinder
Found a glowing hunting sling.
Found a stone staircase leading down.
There is a stone staircase leading up here.
The gnoll shouts! x2
You see here a +0 hunting sling of freezing.
h - a +0 hunting sling of freezing The gnoll hits you with a +0 club.
The gnoll hits you but does no damage. The gnoll hits you with a +0 club.
You hit the ball python.
The ball python seems to slow down.
You freeze the ball python.
Your tail-slap misses the ball python.
The ball python is severely wounded.
The gnoll completely misses you. The gnoll hits you with a +0 flail.
The gnoll hits you with a +0 club. The ball python bites you.
The ball python grabs you. The ball python constricts you.
You closely miss the ball python.
The ball python is severely wounded.
The gnoll barely misses you. The gnoll hits you with a +0 flail.
* * * LOW HITPOINT WARNING * * *
The gnoll closely misses you. The ball python misses you.
The ball python constricts you.
You completely miss the ball python.
The ball python is severely wounded.
The gnoll barely misses you. The gnoll hits you but does no damage.
The gnoll hits you with a +0 club.
You die...

# .## ##
#####b.#...
#...#....
#......
#..>.#
#..S# #.g@#
#.gg# #...#
###.# #.#
#.. ###


You could see 3 gnolls, a bat and a ball python (slow).

Vanquished Creatures
  3 gnolls (D:2)
  4 endoplasms
  2 giant cockroaches
  4 hobgoblins
  2 jackals (D:1)
  3 quokkas
  3 ball pythons
  3 bats
  2 frilled lizards (D:1)
  3 kobolds (D:1)
  A rat (D:1)
30 creatures vanquished.

Vanquished Creatures (collateral kills)
  3 foxfires (D:2)
3 creatures vanquished.

Vanquished Creatures (others)
  46 foxfires
  15 plants (D:2)
61 creatures vanquished.

Grand Total: 94 creatures vanquished

Notes
Turn   | Place    | Note
-------+----------+-------------------------------------------
     0 | D:1      | croobank the Draconian Fire Elementalist began the quest
                  | for the Orb.
     0 | D:1      | Reached XP level 1. HP: 14/14 MP: 3/3
   452 | D:1      | Reached XP level 2. HP: 13/20 MP: 3/5
   455 | D:1      | Learned a level 2 spell: Scorch
   726 | D:1      | Found a faded altar of an unknown god.
  1350 | D:2      | Reached XP level 3. HP: 22/26 MP: 1/6
  2037 | D:3      | Noticed Grinder
  2169 | D:3      | Slain by a gnoll

Illustrated notes

Levels and vault maps discovered:
D:1:      dpeg_arrival_houses_and_road, layout_basic,
          hellmonk_ecumenical_altar_leap_of_faith
D:2:      minmay_thinvault, layout_loops_ring, nicolae_grassy_gnolls
D:3:      layout_rooms, gammafunk_ghost_nasty_kobolds, minivault_26,
          uniq_crazy_yiuf_cottage, uniq_grinder

Action                   || total
-------------------------++-------
Melee: Whip              ||    28
       Tailslap          ||     4
 Cast: Foxfire           ||    31
       Scorch            ||    13
Armor: Skin              ||    12
Dodge: Dodged            ||    26
